 Dungeon Crawl Stone Soup version 0.13.1-17-g0f9d4ff (webtiles) character file.

263 Psiweapon the Sneak (level 5, 0/35 HPs)
             Began as a Vampire Enchanter on Dec 17, 2013.
             Slain by Prince Ribbit (8 damage)
             ... on Level 4 of the Dungeon on Dec 18, 2013.
             The game lasted 00:21:30 (3533 turns).

Psiweapon the Sneak (Vampire Enchanter)             Turns: 3533, Time: 00:21:30

HP   0/35        AC  4     Str  8      XL: 5   Next:  6%
MP   3/9         EV 12     Int 17      God:
Gold 118         SH  0     Dex 14      Spells:  2 memorised,  3 levels left

Res.Fire  : . . .   See Invis. : +   a - +1 dagger {=f}
Res.Cold  : + . .   Warding    : .   b - +1 robe
Life Prot.: + + +   Conserve   : .   (no shield)
Res.Poison: +       Res.Corr.  : .   (no helmet)
Res.Elec. : .       Clarity    : .   (no cloak)
Sust.Abil.: . .     Spirit.Shd : .   (no gloves)
Res.Mut.  : .       Stasis     : .   p - +0 pair of boots
Res.Rott. : +       Flight     : .   (no amulet)
Saprovore : . . .                    j - cursed ring of hunger
                                     h - ring of positive energy

@: regenerating slowly, very slightly contaminated, slightly resistant to
hostile enchantments, very stealthy
A: fangs 3, see invisible, unbreathing
a: Bat Form


You were on level 4 of the Dungeon.
You were very thirsty.

You visited 1 branch of the dungeon, and saw 4 of its levels.

You collected 98 gold pieces.

Inventory:

Hand weapons
 a - a +1,+1 dagger (weapon) {=f}
 k - a +1,+0 dwarven mace
 l - a +2,+1 short sword
 s - a +2,+0 whip of reaching
 x - a +2,+0 elven dagger
Missiles
 d - 10 darts (quivered)
 f - a silver dart
Armour
 b - a +1 robe (worn)
 p - a +0 pair of boots (worn)
Scrolls
 m - a scroll of random uselessness {unknown}
 n - a scroll of recharging {unknown}
 t - 3 scrolls of enchant weapon II {unknown}
 u - a scroll of amnesia {unknown}
 y - a scroll of remove curse
 A - a scroll of identify
Jewellery
 h - a ring of positive energy (left hand)
 j - a cursed ring of hunger (right hand)
 o - an uncursed ring of teleportation
Potions
 g - a potion of brilliance {unknown}
 i - 2 potions of slowing {unknown}
 q - 3 potions of heal wounds {unknown}
 r - 5 potions of curing {unknown}
 v - a potion of invisibility {unknown}
 w - 2 potions of confusion {unknown}
 z - a potion of berserk rage {unknown}
 B - a potion of agility {unknown}
Books
 c - a book of Maledictions

   Spells                             Type                      Level
   *Corona                            Hexes                        1
   Sure Blade                         Hexes/Charms                 2
   *Ensorcelled Hibernation           Hexes/Ice                    2
   Confuse                            Hexes                        3
   Enslavement                        Hexes                        4
   Invisibility                       Hexes                        6
 e - a book of Alchemy

   Spells                             Type                      Level
   Lethal Infusion                    Charms/Necromancy            2
   Sublimation of Blood               Necromancy                   2
   Condensation Shield                Ice                          4
   Alistair's Intoxication            Transmutation/Poison         4
   Petrify                            Transmutation/Earth          4
   Ignite Poison                      Fire/Transmutation           5
Carrion
 D - a hobgoblin corpse


   Skills:
 - Level 1.1 Short Blades
 - Level 0.7 Throwing
 - Level 2.1 Dodging
 + Level 6.5 Stealth
 - Level 1.0 Spellcasting
 + Level 6.4 Hexes


You had 3 spell levels left.
You knew the following spells:

 Your Spells              Type           Power        Failure   Level  Hunger
a - Corona                Hex            ###....      1%          1    ##.....
b - Ensorcelled Hibernat  Hex/Ice        ##....       12%         2    ###....


Dungeon Overview and Level Annotations

Branches:
Dungeon (4/27)
 Temple: D:4-7

Altars:

Portals:
Ziggurat: D:3 (4430 gp)

Annotations:
D:4 Chiseanne's ghost, average CeAr; Prince Ribbit


Innate Abilities, Weirdness & Mutations

You heal slowly.
You have razor-sharp teeth.*
You have supernaturally acute eyesight.
You can survive without breathing.*


Message History

The hobgoblin shouts!
Prince Ribbit misses you. Prince Ribbit barely misses you.
Casting: Ensorcelled Hibernation
Confirm with . or Enter, or press ? or * to list all spells.
Aiming: Ensorcelled Hibernation
Press: ? - help, Shift-Dir - straight line, f - ogre, p - Prince Ribbit
Aim: an ogre, wielding a giant club The ogre looks drowsy...
Prince Ribbit completely misses you.
The helpless ogre fails to defend itself.
You bite the ogre, and draw its blood!
You feel slightly less thirsty.
You slice the ogre!!
The ogre is severely wounded.
Prince Ribbit barely misses you. The ogre hits you with a giant club!
A goblin comes into view. It is wielding a dagger.
You hit the ogre.
The ogre is severely wounded.
Prince Ribbit hits you!
* * * LOW HITPOINT WARNING * * *
Prince Ribbit hits you!
You die...

##. .. #. ##.###
#....# ####
#....##...).
#####.>..O.......
...g....@Fg.....#
######.####.....#
.< ... ## #


You could see Prince Ribbit, an ogre, a hobgoblin and a goblin.

Vanquished Creatures
  A gnoll (D:1)
  2 adders
  4 worms
  4 giant geckos
  2 oozes
  5 orcs
  11 bats
  9 hobgoblins
  3 jackals (D:3)
  9 giant cockroaches
  4 giant newts
  7 goblins
  13 kobolds
  9 rats
83 creatures vanquished.

Notes
Turn   | Place    | Note
--------------------------------------------------------------
     0 | D:1      | Psiweapon, the Vampire Enchanter, began the quest for the Orb.
     0 | D:1      | Reached XP level 1. HP: 13/13 MP: 4/4
    16 | D:1      | Reached XP level 2. HP: 10/19 MP: 3/5
   238 | D:1      | Learned a level 2 spell: Ensorcelled Hibernation
   248 | D:1      | Reached skill level 5 in Hexes
   730 | D:1      | Reached XP level 3. HP: 24/24 MP: 6/6
  1632 | D:2      | Reached skill level 5 in Stealth
  1688 | D:2      | Reached XP level 4. HP: 30/30 MP: 5/8
  2013 | D:2      | Reached skill level 6 in Hexes
  2695 | D:3      | Found a gateway to a ziggurat.
  2825 | D:4      | Noticed Chiseanne's ghost (average CeAr)
  3146 | D:3      | Reached XP level 5. HP: 35/35 MP: 4/9
  3528 | D:4      | Noticed Prince Ribbit
  3529 | D:4      | Noticed an ogre
  3533 | D:4      | Slain by Prince Ribbit

Action                   |  1- 3 |  4- 6 || total
-------------------------+-------+-------++-------
Melee: Dagger            |    86 |    64 ||   150
       Short sword       |     4 |       ||     4
       Whip              |     6 |     1 ||     7
Throw: Dart              |     9 |     1 ||    10
 Cast: Corona            |     5 |       ||     5
       Ensorcelled Hiber |    24 |    44 ||    68
 Abil: End Transformatio |       |     1 ||     1
       Bat Form          |       |     1 ||     1
  Use: Scroll            |     2 |     1 ||     3
 Stab: Sleeping          |    31 |    37 ||    68
